Map: Winter Madness LE

Players

trigger - Winner!

  • Race: Protoss Protoss
  • League: Grandmaster
  • Spawn Location: 5:00

LetaleX

  • Race: Protoss Protoss
  • League: Grandmaster
  • Spawn Location: 11:00

VOD

Have the link to the VOD?

Description

Time

  • Played on: Jan. 31, 2026, 1:10 p.m.
  • Length: 5:20
Show
View Real Time Build Order
Export as new Build Order

trigger Protoss - Winner!

Build Orders:  

Get SALT Encoding   

  12  0:00  Probe  
  13  0:12  Probe  
  14  0:16  Pylon  
  14  0:24  Probe  
  15  0:32  Probe  
  15  0:36  Gateway  
  15  0:40  Probe  
  16  0:46  Assimilator  
  17  0:51  Probe  
  17  0:54  Assimilator  
  18  0:59  Probe  
  19  1:06  Gateway  
  19  1:07  Probe  
  20  1:17  Probe  
  20  1:24  Cybernetics Core  
  21  1:29  Probe  
  22  1:33  Pylon  
  22  1:41  Probe  
  23  2:00  Robotics Facility  
  23  2:02  Adept x2  
  23  2:04  Warp Gate  
  27  2:13  Pylon  
  27  2:32  Adept x2  
  31  2:37  Warp Prism  
  33  2:54  Pylon  
  33  3:02  Sentry x2  
  33  3:03  Immortal  
  37  3:40  Gateway  
  37  3:43  Immortal  
  37  4:14  Stalker x2  
  41  4:26  Immortal  
  41  4:46  Gateway  
  41  4:47  Adept x3  
  41  4:48  Pylon  
Show
View Real Time Build Order
Export as new Build Order

LetaleX Protoss 

Build Orders: Phoenix Opening 

Get SALT Encoding   

  12  0:00  Probe  
  13  0:12  Probe  
  14  0:17  Pylon  
  14  0:23  Probe  
  15  0:31  Probe  
  15  0:36  Gateway  
  15  0:40  Probe  
  16  0:45  Assimilator  
  17  0:51  Probe  
  17  0:54  Assimilator  
  18  0:59  Probe  
  19  1:07  Gateway, Probe  
  19  1:17  Probe  
  20  1:23  Cybernetics Core  
  21  1:29  Probe  
  22  1:33  Pylon  
  22  1:41  Probe  
  23  1:53  Probe  
  24  1:57  Phoenix  
  24  1:58  Sentry  
  24  1:59  Warp Gate  
  27  2:13  Nexus  
  26  2:17  Sentry  
  26  2:19  Probe  
  29  2:27  Pylon  
  29  2:30  Stalker  
  31  2:45  Shield Battery, Sentry  
  33  2:52  Probe  
  34  2:58  Gateway  
  34  3:02  Shield Battery  
  34  3:04  Sentry  
  36  3:08  Shield Battery  
  36  3:10  Stalker  
  37  3:24  Stalker  
  39  3:35  Probe  
  39  3:37  Shield Battery  
  40  3:48  Shield Battery, Stalker  
  41  3:56  Stalker  
  41  3:58  Probe  
  41  4:02  Probe  
  42  4:06  Probe  
  41  4:13  Stalker  
  42  4:30  Stalker x2  
  38  4:45  Stalker  
  38  4:47  Probe  
  41  4:55  Stalker  
  37  5:12  Stalker x2  
Tags
 
Add a new tag
Caveats
  • Supply blocks, unpowered buildings, or Contaminate may cause inaccurate times.
  • Supply counts are checked every 10 seconds.